 Dungeon Crawl Stone Soup version 0.19.1 (webtiles) character file.

416 StormySan the Slasher (level 6, -4/44 HPs)
             Began as a High Elf Fighter on Dec 16, 2016.
             Slain by Menkaure (19 damage)
             ... on level 4 of the Dungeon.
             The game lasted 00:14:29 (4168 turns).

StormySan the Slasher (High Elf Fighter)            Turns: 4168, Time: 00:14:30

Health: -4/44      AC:  7    Str: 17    XL:     6   Next: 60%
Magic:  7/7        EV:  7    Int: 13    God:
Gold:   315        SH:  9    Dex: 14    Spells: 0 memorised, 5 levels left

rFire  . . .     SeeInvis .     a - +0 long sword
rCold  . . .     Gourm    .     b - +0 scale mail
rNeg   . . .     Faith    .     c - +0 shield
rPois  .         Spirit   .     (no helmet)
rElec  .         Reflect  .     (no cloak)
rCorr  .         Harm     .     (no gloves)
MR     .....                    (no boots)
Stlth  ..........               (no amulet)
                                (no ring)
                                (no ring)

@: lethally poisoned (-4 -> -7)
A: no striking features
a: no special abilities


You were on level 4 of the Dungeon.
You were not hungry.

You visited 1 branch of the dungeon, and saw 4 of its levels.

You collected 315 gold pieces.

Inventory:

Hand Weapons
 a - a +0 long sword (weapon)
Missiles
 x - 4 tomahawks of returning (quivered)
Armour
 b - a +0 scale mail (worn)
 c - a +0 shield (worn)
Scrolls
 e - a scroll of noise {unknown}
 h - a scroll of recharging {unknown}
 i - a scroll of remove curse
 j - a scroll of fear {unknown}
 l - a scroll of amnesia {unknown}
 m - a scroll of random uselessness {unknown}
 o - a scroll of identify {unknown}
 p - 3 scrolls of enchant armour {unknown}
 t - a scroll of enchant weapon {unknown}
 u - a scroll of immolation {unknown}
 y - a scroll of magic mapping {unknown}
Potions
 d - a potion of might
 k - 2 potions of haste {unknown}
 n - a potion of cure mutation {unknown}
 q - 2 potions of degeneration {unknown}
 r - a potion of flight {unknown}
 s - a potion of curing {unknown}
 v - 2 potions of brilliance {unknown}
 w - a potion of berserk rage {unknown}
Comestibles
 f - a bread ration
 g - 2 meat rations


   Skills:
 + Level 4.5 Fighting
 * Level 5.5 Long Blades
 + Level 3.9 Armour
 + Level 3.7 Shields


You had 5 spell levels left.
You didn't know any spells.

Dungeon Overview and Level Annotations

Branches:
Dungeon (4/15)
 Temple: D:4-7

Altars:
Gozag
Makhleb
Qazlal
Sif Muna
Yredelemnul

Annotations:
D:4 Menkaure


Message History

You feel sick.
The worker ant bites you but does no damage.
The adder skeleton closely misses you.
Menkaure, Prince of Dust comes into view.
You hit the worker ant.
You kill the worker ant!
You block the adder skeleton's attack. The adder skeleton barely misses you.
You hit the adder skeleton.
The adder skeleton is lightly damaged.
You feel sick. You block the adder skeleton's attack.
You closely miss the adder skeleton.
The adder skeleton is lightly damaged.
You feel sick. The adder skeleton barely misses you.
Menkaure calls on the powers of darkness!
Your body is wracked with pain!
The howler monkey convulses!
You hit the adder skeleton.
The adder skeleton is heavily damaged.
The adder skeleton bites you but does no damage.
Menkaure hits you!!
You die...

########.......
####.....##.#####.
#.##..........♣ ♣♣ ##
#.##.######.#♣♣ ♣P
..####.####.##.#####..♣
..P
.......................
P..
........Z..hZ.........P...
!......####Z##..####..♣♣.♣
....... #@##..# #...♣♣P
..#.... #M##..# .# ♣♣
....... ......# .......
........ . .......
.......... .
...(......<..... .
.####.#.#.# . .. #.#.#.# .
.


You could see Menkaure, a howler monkey, an adder skeleton and a bullfrog
skeleton.

Vanquished Creatures
  An ice beast (D:3)
  A hound (D:4)
  Jessica (D:2)
  Natasha (thrice) (D:2)
  A worker ant (D:4)
  4 gnolls
  6 adders
  4 worms
  A dart slug (D:1)
  A leopard gecko (D:3)
  3 orcs
  9 bats
  6 giant cockroaches
  3 goblins
  7 hobgoblins
  11 kobolds
  A ball python (D:1)
  5 frilled lizards
  8 rats
  A bush (D:4)
  A plant (D:4)
78 creatures vanquished.

Notes
Turn   | Place    | Note
-------+----------+-------------------------------------------
     0 | D:1      | StormySan the High Elf Fighter began the quest for the Orb.
     0 | D:1      | Reached XP level 1. HP: 16/16 MP: 2/2
   146 | D:1      | Reached XP level 2. HP: 5/21 MP: 3/3
   431 | D:1      | Reached skill level 3 in Long Blades
   723 | D:1      | Reached XP level 3. HP: 26/26 MP: 4/4
  1328 | D:2      | Noticed Jessica
  1334 | D:2      | Killed Jessica
  1334 | D:2      | Reached XP level 4. HP: 22/32 MP: 5/5
  1488 | D:2      | HP: 1/33 [poisoned by an adder]
  2067 | D:2      | Noticed Natasha
  2072 | D:2      | Killed Natasha
  2072 | D:2      | Reached skill level 4 in Long Blades
  2164 | D:2      | Found an opulent altar of Gozag.
  2164 | D:2      | Found a stormy altar of Qazlal.
  2438 | D:2      | Noticed Natasha
  2464 | D:2      | Killed Natasha
  2464 | D:2      | Reached XP level 5. HP: 23/37 MP: 6/6
  2497 | D:2      | Noticed Natasha
  2654 | D:2      | Killed Natasha
  2983 | D:3      | Found a deep blue altar of Sif Muna.
  3056 | D:3      | Noticed an ice beast
  3074 | D:3      | Killed an ice beast
  3074 | D:3      | Reached skill level 5 in Long Blades
  3074 | D:3      | Reached XP level 6. HP: 19/43 MP: 7/7
  3516 | D:3      | Found a burning altar of Makhleb.
  3881 | D:4      | Found a basalt altar of Yredelemnul.
  4165 | D:4      | Noticed Menkaure
  4168 | D:4      | Slain by Menkaure

Skill      XL: |  1  2  3  4  5 |
---------------+----------------+-----
Shields        | 3 |  3.7
Long Blades    | 3 4 5 |  5.5
Armour         | 3 |  3.9
Fighting       | 4 |  4.5

Action                   |  1- 3 |  4- 6 || total
-------------------------+-------+-------++-------
Melee: Long sword        |    92 |   307 ||   399
  Use: Scroll            |       |     3 ||     3
  Eat: Chunk             |     1 |     2 ||     3
       Royal jelly       |       |     1 ||     1
       Beef jerky        |       |     1 ||     1
       Bread ration      |       |     1 ||     1
Armor: Scale mail        |    31 |    71 ||   102
Dodge: Dodged            |    26 |    57 ||    83
Block: Shield            |    33 |   105 ||   138
       Rpst.: Long sword |     6 |    20 ||    26
